[Event "Early-Titled-Tuesday-Blitz-March-12-2024"]
[Site "Chess.com"]
[Date "2024.03.12"]
[Round "10"]
[White "Witik"]
[Black "electrosaw"]
[Result "1-0"]
[WhiteElo "2735"]
[BlackElo "2559"]
[TimeControl "180+1"]
[EndTime "9:53:04 PDT"]
[Termination "Witik won by resignation"]

1. d4 Nf6 2. c4 c5 3. e3 g6 4. Nf3 Bg7 5. Be2 O-O 6. O-O cxd4 7. exd4 d5 8. c5 Nc6 9. h3 Bf5 10.
Nc3 Ne4 11. Be3 e5 12. Nxe4 dxe4 13. Nxe5 Nxe5 14. dxe5 Bxe5 15. Qb3 Qc7 16. Rfd1 Be6 17. Bc4 Bxc4 18. Qxc4 Bxb2 19. Rab1 Bg7 20. Qxe4 b6 21. cxb6 axb6 22. Bxb6 Qc3 23. a4 Rfe8 24. Qh4 Bf6 25.
Qf4 Be5 26. Qb4 Qc6 27. a5 Bc3 28. Qb5 Qf6 29. a6 Be5 30. a7 Qf4 31. g3 Qf5 32.
Qd5 Qxh3 33. Qg2 Qf5 34. Rb3 Qc2 35. Rdb1 Bc3 36. Be3 Be5 37. Rb7 Qc4 38. Qf3 h5 39. Kg2 h4 40. gxh4 Kg7 41. h5 Rh8 42. Rh1 gxh5 43.
Rxh5 Rxh5 44. Qxh5 Qc6+ 45. Qf3 Qxf3+ 46. Kxf3 Kf6 47.
Ke4 Ke6 48. Rb6+ Bd6 49. Bc5 Ke7 50. Bxd6+ 1-0

[Event "Early-Titled-Tuesday-Blitz-March-12-2024"]
[Site "Chess.com"]
[Date "2024.03.12"]
[Round "10"]
[White "NMJeevanK"]
[Black "ccccvhhhj"]
[Result "1-0"]
[WhiteElo "2584"]
[BlackElo "2456"]
[TimeControl "180+1"]
[EndTime "9:53:04 PDT"]
[Termination "NMJeevanK won on time"]

1. e4 e6 2. c4 d5 3. cxd5 exd5 4. exd5 Nf6 5. Nc3 Nxd5 6. d4 Be7 7. Nf3 O-O 8. Bc4 c6 9. O-O Bg4 10. h3 Bh5 11.
Nxd5 cxd5 12. Be2 Nc6 13. Be3 Bf6 14. a3 Re8 15. b4 h6 16. Re1 Rc8 17. Qd2 Ne7 18.
g4 Bg6 19. Ne5 Bxe5 20. dxe5 Nc6 21. f4 Be4 22. Bd3 Qh4 23. Kh2 Red8 24. Rad1 Bf3 25.
Be2 Be4 26. Rg1 d4 27. b5 dxe3 28. Qxe3 Nxe5 29. Rxd8+ Rxd8 30. Qxe4 Ng6 31. Rg2 Rd2 32. Bd3 Rxg2+ 33. Kxg2 Qd8 34. a4 b6 35. Bc4 Nh4+ 36. Kg3 g5 37. fxg5 hxg5 38. Qe5 Kf8 39. Qh8+ Ke7 40. Qe5+ Kf8 41. Bd5 Qc8 42. Qh8+ Ke7 43.
Qxc8 Kf6 44. Qb7 Ng6 45. Qxf7+ Ke5 46. Qe6+ 1-0

[Event "Early-Titled-Tuesday-Blitz-March-12-2024"]
[Site "Chess.com"]
[Date "2024.03.12"]
[Round "10"]
[White "IsaqueGoncalvesSanto"]
[Black "agvega14"]
[Result "0-1"]
[WhiteElo "1820"]
[BlackElo "2201"]
[TimeControl "180+1"]
[EndTime "9:53:05 PDT"]
[Termination "agvega14 won on time"]

1. d4 d5 2. c4 e6 3. Nc3 Nf6 4. Bg5 Nbd7 5. cxd5 exd5 6. e3 c6 7. Bd3 Be7 8. Nf3 O-O 9. O-O Re8 10. Rb1 a5 11. a3 Ne4 12. Bxe7 Qxe7 13. Qc2 f5 14. b4 axb4 15. axb4 Ra3 16. Rb3 Rxb3 17. Qxb3 b5 18.
Rc1 Qd6 19. Ne2 Nb6 20. Ne5 Nc4 21. Bxe4 fxe4 22. Nxc4 dxc4 23. Qb1 Bf5 24. Ng3 Bg6 25. Ne2 Ra8 26. Nf4 Bf5 27. h3 h6 28. Qb2 Ra4 29. Ra1 Qxb4 30. Qxb4 Rxb4 31. Ra6 Rb1+ 32. Kh2 Rb2 33. Kg3 c3 34. Rxc6 b4 35. Nd5 c2 36.
Ne7+ Kh7 37. Nxf5 b3 38. Rc7 Rb1 39. Rxg7+ Kh8 40. Rg6 c1=Q 41. Nxh6 Qc7+ 42. Kh4 Qc8 43. Nf5 Qd8+ 44. Kg4 Rc1 45. Rh6+ Kg8 46. Rg6+ Kf8 47. Rh6 Kf7 0-1

[Event "Early-Titled-Tuesday-Blitz-March-12-2024"]
[Site "Chess.com"]
[Date "2024.03.12"]
[Round "10"]
[White "UnTucopalaTimba"]
[Black "Gabcur"]
[Result "0-1"]
[WhiteElo "2001"]
[BlackElo "2293"]
[TimeControl "180+1"]
[EndTime "9:53:08 PDT"]
[Termination "Gabcur won on time"]

1. e4 e6 2. d4 d5 3. Nd2 Nf6 4.
e5 Nfd7 5. Ngf3 c5 6. c3 Nc6 7. Bd3 f6 8. O-O fxe5 9. dxe5 Ndxe5 10. Nxe5 Nxe5 11. Qh5+ Nf7 12. Nf3 Bd6 13. Ng5 g6 14. Nxf7 Kxf7 15. Qf3+ Kg7 16. Re1 Bd7 17. a4 Qe7 18.
Bd2 Raf8 19. Qe3 Qf6 20. Qh6+ Kf7 21. Be3 e5 22. Qg5 Qxg5 23. Bxg5 h6 24. Be3 Kg7 25. Bb5 Be6 26. a5 Rf7 27. Rad1 Rhf8 28. f3 d4 29. cxd4 cxd4 30. Bxd4 Bb3 31. Rd3 exd4 32.
Rxb3 Bc5 33. Rd3 b6 34. axb6 axb6 35. Bc4 Ra7 36. b3 Rd8 37. Kf1 Rdd7 38. Re6 Re7 39.
Rxe7+ Rxe7 40. Kf2 Kf6 41. g3 g5 42. h3 Ra7 43. Kf1 Ra2 44. h4 gxh4 45. b4 Ra1+ 0-1

[Event "Early-Titled-Tuesday-Blitz-March-12-2024"]
[Site "Chess.com"]
[Date "2024.03.12"]
[Round "10"]
[White "lilylg"]
[Black "geminithegreat"]
[Result "1/2-1/2"]
[WhiteElo "2151"]
[BlackElo "2196"]
[TimeControl "180+1"]
[EndTime "9:53:12 PDT"]
[Termination "Game drawn by repetition"]

1. d4 d5 2. c4 e6 3. Nf3 Nf6 4. g3 dxc4 5. Bg2 a6 6. Qc2 Be7 7. O-O O-O 8. Rd1 c6 9. Ne5 b5 10. a4 Bb7 11. b3 cxb3 12. Qxb3 Nd5 13. axb5 cxb5 14. e4 Nb6 15. Nc3 N8d7 16. Nxd7 Qxd7 17. d5 exd5 18. exd5 Bf6 19. Be3 Nc4 20. Rac1 Rac8 21.
Bd4 Bxd4 22. Rxd4 Nb6 23. Rcd1 Rc4 24. Rxc4 Nxc4 25. Ne4 Rc8 26. Ng5 Qd6 27. Qf3 Qf6 28. Qg4 h6 29. Ne4 Qg6 30. Qd7 Qb6 31. Bh3 Rd8 32. Qg4 Rxd5 33. Rxd5 Bxd5 34. Qc8+ Kh7 35. Bf5+ g6 36. Qd7 gxf5 37. Qxd5 fxe4 38. Qxf7+ Kh8 39.
Qf8+ Kh7 40. Qf7+ Kh8 41. Qf8+ Kh7 42. Qf7+ 1/2-1/2

[Event "Early-Titled-Tuesday-Blitz-March-12-2024"]
[Site "Chess.com"]
[Date "2024.03.12"]
[Round "10"]
[White "atbenina64"]
[Black "Seochesspie"]
[Result "0-1"]
[WhiteElo "2741"]
[BlackElo "2869"]
[TimeControl "180+1"]
[EndTime "9:53:13 PDT"]
[Termination "Seochesspie won on time"]

1. Nf3 Nf6 2. c4 e6 3. Nc3 Bb4 4. Qc2 O-O 5. e4 c5 6. e5 Ng4 7. a3 Bxc3 8. dxc3 f6 9. Bd3 h6 10. Bf4 fxe5 11. Nxe5 Rxf4 12. Bh7+ Kh8 13. Ng6+ Kxh7 14.
Nxf4+ Kg8 15. O-O-O Qg5 16. g3 Nc6 17. h4 Qf6 18. Qe2 Nge5 19. Nh5 Qf5 20. Nf4 b6 21.
Rd6 Ba6 22. b3 Rf8 23. Rhd1 Bc8 24. Kb2 Ng6 25. Nxg6 Qxg6 26. R1d2 Qf6 27. Qe3 Ne7 28. R6d3 d5 29. cxd5 Nxd5 30. Qe4 Ba6 31. Rxd5 exd5 32.
Qxd5+ Kh8 33. Qe4 Bc8 34. f4 Bf5 35. Qa4 Qf7 36. Qc6 Rc8 37. Qd6 Qe6 38. Qxe6 Bxe6 39. c4 Kg8 40. Kc3 Kf7 41. Re2 h5 42. Re5 g6 43.
Re2 Kf6 44. Rd2 Ke7 45. Re2 Rd8 46. b4 Rd4 47. bxc5 Rxc4+ 48. Kd3 Rxc5 49. Kd4 Kf6 50. Rb2 Ra5 0-1

[Event "Early-Titled-Tuesday-Blitz-March-12-2024"]
[Site "Chess.com"]
[Date "2024.03.12"]
[Round "10"]
[White "David_ATM"]
[Black "MaxLeto"]
[Result "0-1"]
[WhiteElo "2372"]
[BlackElo "2494"]
[TimeControl "180+1"]
[EndTime "9:53:16 PDT"]
[Termination "MaxLeto won on time"]

1. e4 c5 2. c3 Nf6 3. e5 Nd5 4. d4 cxd4 5. Nf3 Nc6 6. cxd4 e6 7. Bc4 d6 8. O-O dxe5 9. dxe5 Be7 10. Nc3 Nxc3 11.
bxc3 Qxd1 12. Rxd1 b6 13. Bb5 Bb7 14. a4 a6 15. Be2 Rd8 16. Be3 Bc5 17. Bxc5 bxc5 18.
Rdb1 Na5 19. Rb6 c4 20. Nd4 Rd7 21. Rab1 Ke7 22. Bxc4 Nxc4 23. Rxb7 Nxe5 24. f4 Rxb7 25. Rxb7+ Nd7 26. Nc6+ Kd6 27. Ne5 Nxe5 28. fxe5+ Kxe5 29. Rxf7 g5 30. Ra7 Rc8 31. Rxa6 Rxc3 32. h3 h6 33. Ra8 Ra3 34. a5 Ke4 35. a6 e5 36.
Kh2 Ke3 37. Re8 e4 38. Re6 h5 39. Re5 Kd3 40. Rxg5 e3 41. Rd5+ Ke4 42. Rxh5 e2 43.
Rh8 Rxa6 44. Re8+ Kd3 45. h4 Kd2 0-1

[Event "Early-Titled-Tuesday-Blitz-March-12-2024"]
[Site "Chess.com"]
[Date "2024.03.12"]
[Round "10"]
[White "Mr_ruthless"]
[Black "jk13"]
[Result "0-1"]
[WhiteElo "2491"]
[BlackElo "2681"]
[TimeControl "180+1"]
[EndTime "9:53:18 PDT"]
[Termination "jk13 won on time"]

1. e4 e5 2. Nf3 Nc6 3. d4 exd4 4.
Nxd4 Bb4+ 5. c3 Bc5 6. Be3 Bb6 7.
Be2 Nf6 8. Nd2 O-O 9. O-O Re8 10.
Qc2 d5 11. Nxc6 bxc6 12. Bxb6 axb6 13. Bf3 Be6 14. Rfe1 h6 15. a3 Qe7 16. Rad1 Rad8 17. h3 Qc5 18. e5 Nd7 19. Nb3 Qf8 20. Nd4 Nb8 21. Nxe6 fxe6 22. Qg6 Qf7 23. Qg3 Nd7 24. Rd4 Rf8 25. Rh4 Kh8 26. Bh5 Qe7 27. Bg6 Nc5 28. Bc2 Qf7 29. Re3 Ne4 30. Bxe4 dxe4 31. Rhxe4 Rd1+ 32. Re1 Rd2 33. R4e2 Rfd8 34. Qe3 R2d3 35. Qc1 c5 36. Re3 Rd2 37. R3e2 R2d5 38. Qc2 c4 39. a4 c6 40. b3 b5 41. bxc4 bxc4 42. Qe4 Rc5 43.
Rb2 Rf8 44. Ree2 Qd7 45. Red2 Rd5 46. Rxd5 cxd5 47. Qd4 Qxa4 48. Rd2 Qa1+ 49. Kh2 Qf1 50. Qh4 Qe1 51. Rb2 Qxe5+ 0-1

[Event "Early-Titled-Tuesday-Blitz-March-12-2024"]
[Site "Chess.com"]
[Date "2024.03.12"]
[Round "10"]
[White "vi_pranav"]
[Black "Grandelicious"]
[Result "1-0"]
[WhiteElo "3040"]
[BlackElo "2879"]
[TimeControl "180+1"]
[EndTime "9:53:19 PDT"]
[Termination "vi_pranav won by checkmate"]

1. e4 c5 2. Nf3 e6 3. b3 b6 4. Bb2 Bb7 5. Nc3 Nc6 6. g3 Nf6 7. Bg2 Be7 8. O-O O-O 9. e5 Ng4 10. h3 Nh6 11. Ne4 Nf5 12. Re1 Rb8 13. d3 d6 14.
exd6 Nxd6 15. Qe2 Nf5 16. c3 Qc7 17. Rad1 Rbd8 18. h4 Rd7 19. Bc1 Qd8 20. Neg5 h6 21. Nh3 Bf6 22. Bb2 b5 23. Nf4 b4 24. Qc2 bxc3 25. Bxc3 Bxc3 26. Qxc3 Ncd4 27. Nh2 Bxg2 28. Kxg2 Qa8+ 29. Kg1 Rc8 30. Re5 Nf3+ 31. Nxf3 Qxf3 32. Rde1 Nxh4 33. Rxc5 Rcd8 34. Re3 Qd1+ 35. Kh2 Nf3+ 36. Kg2 Nd4 37. Qe1 Qg4 38. Rc4 Qg5 39. Re5 Qe7 40. Qe4 Qa3 41. Rec5 Qxa2 42. Rc8 Qa5 43. Qa8 Nf5 44. b4 Qb6 45. R4c6 Qd4 46. R6c7 Kh7 47. Rxd7 Rxd7 48. Rh8# 1-0

[Event "Early-Titled-Tuesday-Blitz-March-12-2024"]
[Site "Chess.com"]
[Date "2024.03.12"]
[Round "10"]
[White "Polish_fighter3000"]
[Black "BilodeauA"]
[Result "1-0"]
[WhiteElo "3125"]
[BlackElo "3000"]
[TimeControl "180+1"]
[EndTime "9:53:20 PDT"]
[Termination "Polish_fighter3000 won on time"]

1. d4 d5 2. c4 dxc4 3. e4 Nf6 4. e5 Nd5 5. Bxc4 Nb6 6. Bd3 Nc6 7. Ne2 Be6 8. Nbc3 Qd7 9. Ne4 Bd5 10. O-O e6 11. a3 O-O-O 12. Be3 Be7 13. b4 Qe8 14. Qc2 f5 15. exf6 gxf6 16. Rac1 Kb8 17. b5 Na5 18. Qxc7+ Ka8 19. N2c3 Nb3 20. Rb1 f5 21.
Nc5 Nxc5 22. dxc5 Rc8 23. cxb6 Rxc7 24. Nxd5 Rc8 25. Nc7+ Rxc7 26. bxc7 Qd7 27. Bc4 Qxc7 28. Bxe6 Qe5 29. Ba2 f4 30. Bc1 Rd8 31. Bb2 Qg5 32.
Rfe1 f3 33. g3 Bc5 34. Bc1 Qh5 35. Be6 Qg6 36. Bf4 Qc2 37. Rf1 Bxf2+ 38. Kh1 Bb6 39. Bh3 f2 40. Rbc1 Qe4+ 41. Bg2 Qe7 42. a4 Re8 43. a5 Bxa5 44. Rxf2 Bb6 45. Rfc2 Qe6 46. h4 h5 47. Kh2 Qd7 48. Bh3 Qd8 49. Rc8+ 1-0

[Event "Early-Titled-Tuesday-Blitz-March-12-2024"]
[Site "Chess.com"]
[Date "2024.03.12"]
[Round "10"]
[White "TigrVShlyape"]
[Black "Peng_Li-Min"]
[Result "1-0"]
[WhiteElo "2924"]
[BlackElo "2807"]
[TimeControl "180+1"]
[EndTime "9:53:20 PDT"]
[Termination "TigrVShlyape won on time"]

1. e4 Nc6 2. Nf3 d5 3. exd5 Qxd5 4. Nc3 Qh5 5. Nb5 Kd8 6. Be2 Bg4 7. Nbd4 Nxd4 8. Nxd4 Bxe2 9. Nxe2 e6 10. d4 Bd6 11.
Be3 Nf6 12. Qd2 Ke7 13. h3 Rhd8 14. O-O Kf8 15. c4 c5 16. Qc2 cxd4 17. Bxd4 Qg6 18. Qxg6 hxg6 19. Rfd1 a6 20. Nc3 Rac8 21. b3 Ke7 22.
Kf1 Bc5 23. Bxc5+ Rxc5 24. Rxd8 Kxd8 25. Rd1+ Kc7 26. Rd3 g5 27. f3 Re5 28. Kf2 b5 29. cxb5 axb5 30. b4 Kb6 31. Rd6+ Kc7 32. Ra6 Nd7 33.
a4 bxa4 34. Rxa4 Kb7 35. Ra1 Nb6 36. Rd1 Kc6 37. Rd8 Nd5 38. Nxd5 Rxd5 39. Rf8 Rd7 40.
Ke3 Kb5 41. Rb8+ Kc6 42. g3 Kc7 43. Rb5 f6 44. h4 gxh4 45. gxh4 Kc6 46. Rc5+ Kb6 47.
h5 Rd1 48. Rc8 Rh1 49. Re8 Rxh5 50. Rxe6+ Kb5 51. Re7 Rg5 52. Rb7+ Kc4 53. Rb8 Re5+ 54. Kf4 1-0

[Event "Early-Titled-Tuesday-Blitz-March-12-2024"]
[Site "Chess.com"]
[Date "2024.03.12"]
[Round "10"]
[White "Rud_Makarian"]
[Black "Jospem"]
[Result "0-1"]
[WhiteElo "3033"]
[BlackElo "3138"]
[TimeControl "180+1"]
[EndTime "9:53:21 PDT"]
[Termination "Jospem won on time"]

1. d4 Nf6 2. c4 e6 3. Nf3 Bb4+ 4. Bd2 c5 5. Bxb4 cxb4 6. c5 b6 7. cxb6 Qxb6 8. e3 O-O 9. Nbd2 Bb7 10. Bd3 d6 11.
O-O a5 12. a4 Nc6 13. Qe2 Rfd8 14. Rac1 h6 15. Bb5 Ne7 16. Nb3 Rac8 17. Nfd2 Bd5 18.
Ba6 Ra8 19. Bc4 Bc6 20. Ra1 e5 21. Rfc1 Qb7 22. Qf1 Rdc8 23. Be2 Bd5 24. Bf3 e4 25. Be2 Nd7 26. Rxc8+ Qxc8 27. Rc1 Qb7 28. Nc4 Bxc4 29.
Bxc4 Nb6 30. Bb5 Qa7 31. h3 Rd8 32. Qd1 Ned5 33. Qc2 f5 34. Qe2 Kh8 35. Qh5 f4 36.
exf4 Nxf4 37. Qf5 Nd3 38. Bxd3 exd3 39. Qxd3 Nxa4 40. Ra1 Nb6 41. Rxa5 Qf7 42. Ra1 Rf8 43.
Rf1 Nd5 44. Nd2 Nf4 45. Qf3 Qe6 46. Qe4 Qa2 47. Qe7 Rf6 48. Qd8+ Kh7 49. Ne4 Rg6 50. Ng3 Qd5 0-1

[Event "Early-Titled-Tuesday-Blitz-March-12-2024"]
[Site "Chess.com"]
[Date "2024.03.12"]
[Round "10"]
[White "GMKrikor"]
[Black "profedechess93"]
[Result "1-0"]
[WhiteElo "2865"]
[BlackElo "2624"]
[TimeControl "180+1"]
[EndTime "9:53:22 PDT"]
[Termination "GMKrikor won by resignation"]

1. Nf3 d5 2. c4 c6 3. d4 Nf6 4. Nc3 dxc4 5. e4 b5 6. Qc2 e6 7. Be2 a6 8. a4 Bb4 9. O-O Bb7 10. Bg5 h6 11. Bh4 Nbd7 12. Rad1 Qa5 13. h3 Bxc3 14.
bxc3 Qxa4 15. Qxa4 bxa4 16. Nd2 c5 17. f3 cxd4 18.
Nxc4 O-O 19. cxd4 Bc6 20. Na3 Rfc8 21. Rc1 Bb7 22. Bg3 Ne8 23. Kf2 f6 24. Ke3 e5 25.
dxe5 fxe5 26. Nc4 Rc5 27. Rfd1 Nef6 28. Nd6 Rxc1 29. Rxc1 Rb8 30. Rb1 Nc5 31. Bxe5 Nfd7 32. Bd4 a5 33. Bc4+ Kf8 34. Nf5 a3 35. Bxg7+ Ke8 36.
Bd4 a4 37. Nd6+ Ke7 38. Nb5 Nb3 39. Nxa3 Nxd4 40. Kxd4 Kd6 41. Ke3 Kc5 42. Be2 Ne5 43. Rb5+ Kd6 44. f4 Nd7 45. Bf3 Kc7 46. Rb4 Re8 47.
Rxa4 Bc6 48. Rd4 Nb6 49. Nc4 Nd7 50. Nd6 Ra8 51. e5 Ra3+ 52. Rd3 Ra4 53. Rc3 Nb8 54. Nf5 Kd7 55. Bxc6+ Nxc6 56. Nxh6 Ke6 57. Rxc6+ 1-0

[Event "Early-Titled-Tuesday-Blitz-March-12-2024"]
[Site "Chess.com"]
[Date "2024.03.12"]
[Round "10"]
[White "DamianoLew95"]
[Black "Ural_bogatyr"]
[Result "0-1"]
[WhiteElo "2731"]
[BlackElo "2620"]
[TimeControl "180+1"]
[EndTime "9:53:25 PDT"]
[Termination "Ural_bogatyr won on time"]

1. e4 e5 2. Nf3 Nc6 3. Bb5 a6 4. Ba4 Nf6 5. O-O Nxe4 6. d4 b5 7. Bb3 d5 8. dxe5 Be6 9. c3 Nc5 10. Bc2 Be7 11. Re1 Qd7 12. Nd4 Rd8 13. Qf3 h5 14. h3 g5 15. Nf5 g4 16. hxg4 hxg4 17. Qxg4 Bf8 18. Ng7+ Bxg7 19. Qxg7 Rf8 20. Bh6 Qe7 21.
f4 Kd7 22. Bg5 Qe8 23. Bxd8 Kxd8 24. f5 Bd7 25. Nd2 Kc8 26. Nf3 Ne4 27. Bxe4 dxe4 28. Rxe4 Bxf5 29. Rf4 Be6 30. Rd1 Ne7 31. Nd4 Rg8 32.
Qf6 Nd5 33. Qh4 Nxf4 34. Qxf4 Bd5 35. Rd2 Qf8 36. Nf5 Qc5+ 37. Qd4 Qxd4+ 38. cxd4 Kd7 39. b3 Rg5 40. Ne3 Ke6 41. Nd1 b4 42. Nb2 c6 43.
Nd3 a5 44. Nc5+ Ke7 45. Nb7 a4 46. bxa4 Rg3 47. Na5 Ra3 48. Rc2 Rxa4 49. Nxc6+ Kd7 50. Nb8+ Ke6 51. Rb2 Bxa2 52. Nc6 b3 53. Kf2 Rc4 54. d5+ Kxd5 55. Na5 Rc2+ 0-1

[Event "Early-Titled-Tuesday-Blitz-March-12-2024"]
[Site "Chess.com"]
[Date "2024.03.12"]
[Round "10"]
[White "HanSchut"]
[Black "FischerKasparow"]
[Result "1-0"]
[WhiteElo "2330"]
[BlackElo "2110"]
[TimeControl "180+1"]
[EndTime "9:53:25 PDT"]
[Termination "HanSchut won by checkmate"]

1. e4 c5 2. Nf3 d6 3. d4 Nf6 4. dxc5 Nxe4 5. cxd6 Nc6 6. Bd3 Nxd6 7. O-O Bf5 8. Bf4 e6 9. Bxd6 Bxd3 10. Qxd3 Qxd6 11. Qb5 Qc7 12. Nc3 a6 13. Qa4 Be7 14.
Rad1 O-O 15. a3 b5 16. Qg4 Rfd8 17. Qh5 Rxd1 18. Rxd1 Rd8 19. Rxd8+ Qxd8 20. h3 Nd4 21. Nxd4 Qxd4 22. Qd1 Bf6 23. Qxd4 Bxd4 24. Nd1 Kf8 25. c3 Bf6 26. Kf1 Ke7 27. Ke2 Kd6 28. Kd3 Bg5 29.
c4 bxc4+ 30. Kxc4 Bc1 31. a4 Kc6 32. b4 e5 33. f3 f5 34. Nc3 Bd2 35. b5+ axb5+ 36.
axb5+ Kb7 37. Nd5 g6 38. g4 fxg4 39. fxg4 h5 40. Kd3 Be1 41. Ke4 Bg3 42. Ne7 hxg4 43.
hxg4 g5 44. Nd5 Bf4 45. Kf5 Kb8 46. Nf6 Kb7 47. Ne4 Kb6 48. Nxg5 Kxb5 49. Ne6 Kc6 50. Nxf4 exf4 51. Kxf4 Kd6 52. Kg5 Ke7 53. Kg6 Kf8 54. g5 Kg8 55. Kh6 Kh8 56. g6 Kg8 57. g7 Kf7 58. Kh7 Kf6 59. g8=Q Ke5 60. Qg4 Kd5 61. Kg6 Ke5 62. Kg5 Kd5 63. Qf4 Ke6 64. Qe4+ Kd6 65. Kf6 Kd7 66. Qd5+ Kc7 67. Ke7 Kb6 68. Qc4 Ka5 69.
Qb3 Ka6 70. Kd6 Ka7 71. Kc7 Ka8 72. Qb8# 1-0

[Event "Early-Titled-Tuesday-Blitz-March-12-2024"]
[Site "Chess.com"]
[Date "2024.03.12"]
[Round "10"]
[White "Statham_01"]
[Black "ChessSwole"]
[Result "0-1"]
[WhiteElo "2587"]
[BlackElo "2718"]
[TimeControl "180+1"]
[EndTime "9:53:29 PDT"]
[Termination "ChessSwole won by checkmate"]

1. Nc3 d5 2. d4 Nf6 3. Bf4 e6 4. e3 Bb4 5. Bd3 c5 6. a3 Ba5 7. dxc5 Bxc3+ 8. bxc3 Qa5 9. Bd6 Qxc3+ 10. Kf1 Nbd7 11.
Ne2 Qa5 12. Rb1 a6 13. Qe1 Qxe1+ 14. Kxe1 Kd8 15. f4 Ne8 16. c4 Nxd6 17. cxd6 Nc5 18. Nc1 dxc4 19. Bxc4 b5 20. Nd3 Nb7 21. Ne5 Ke8 22.
a4 Nxd6 23. axb5 axb5 24. Bxb5+ Nxb5 25. Rxb5 Ra1+ 26. Kf2 Rxh1 27. Rc5 Ke7 28. Rc7+ Kd8 29. Rxf7 Rc1 30. Rxg7 Re8 31. Rxh7 Rc7 32. Nf7+ Kd7 33. Ne5+ Kd6 34. Rh5 Bb7 35. Rg5 Rh8 36. h4 Rc2+ 37.
Kf1 Rxh4 38. Kg1 Re2 39. Rg7 Bd5 40. Rd7+ Kc5 41. Rc7+ Kb5 42. Rg7 Rxe3 43. Kf2 Re4 44. g3 Rh2+ 45. Kg1 Rc2 46. Nd3 Rd4 47. Nf2 Rdd2 48.
Rd7 Rxf2 49. f5 Rg2+ 50. Kf1 Rc1# 0-1

[Event "Early-Titled-Tuesday-Blitz-March-12-2024"]
[Site "Chess.com"]
[Date "2024.03.12"]
[Round "10"]
[White "eightbyeightchess"]
[Black "jaskol95"]
[Result "1-0"]
[WhiteElo "2417"]
[BlackElo "2537"]
[TimeControl "180+1"]
[EndTime "9:53:29 PDT"]
[Termination "eightbyeightchess won by checkmate"]

1. e4 d5 2. exd5 Nf6 3. d4 Bg4 4. f3 Bf5 5. g4 Bg6 6. c4 e6 7.
dxe6 Nc6 8. exf7+ Kxf7 9. Be3 Bb4+ 10. Nc3 Re8 11. Kf2 Nxg4+ 12. fxg4 Qh4+ 13. Kg2 Rxe3 14. Nf3 Qxg4+ 15. Kf2 Rae8 16. Bh3 Qf4 17. Nd5 Rxf3+ 18.
Qxf3 Qxf3+ 19. Kxf3 Nxd4+ 20. Kf2 Bc5 21. b4 Bd6 22.
Rhe1 Rf8 23. Kg2 Bd3 24. Re3 Bxc4 25. Nc3 Kg8 26. Rd1 Nf5 27. Bxf5 Rxf5 28. a3 Rg5+ 29. Kf2 a5 30. Ne4 Rf5+ 31. Kg1 Bf8 32. Rd8 axb4 33. axb4 Kf7 34. Ng3 Rf6 35. Rd7+ Kg6 36. Rxc7 Bd5 37. Ne4 Ra6 38. Rg3+ Kf5 39. Nc3 Bc6 40. Rf7+ Ke6 41. Rxf8 Ra3 42. Re3+ Kd7 43. Rf7+ Kd8 44. b5 Ra1+ 45.
Kf2 Bd7 46. Rd3 Ke8 47. Rdxd7 g5 48. Ne4 Ra2+ 49. Kg3 Ra3+ 50. Kg4 h5+ 51. Kxg5 Ra5 52. Nd6# 1-0

[Event "Early-Titled-Tuesday-Blitz-March-12-2024"]
[Site "Chess.com"]
[Date "2024.03.12"]
[Round "10"]
[White "Yeritsyaan"]
[Black "FaustinoOro"]
[Result "0-1"]
[WhiteElo "2641"]
[BlackElo "2888"]
[TimeControl "180+1"]
[EndTime "9:53:32 PDT"]
[Termination "FaustinoOro won by resignation"]

1. e4 e5 2. Nf3 Nc6 3. d4 exd4 4. Nxd4 Qf6 5. Nf3 Bc5 6. Nc3 Nge7 7. Nb5 Bb6 8. Be3 O-O 9. Bxb6 cxb6 10. c3 Ng6 11. Qd6 Qe6 12. Qxe6 dxe6 13. O-O-O a6 14. Nd6 Rd8 15. g3 b5 16. Be2 f6 17. h4 Kf8 18.
h5 Nge5 19. Nxe5 Nxe5 20. f4 Nc6 21. h6 g6 22. g4 Ke7 23. Nxc8+ Raxc8 24. Rhg1 g5 25. fxg5 fxg5 26. Rdf1 Ne5 27. Rh1 Rf8 28. Kd2 Rxf1 29.
Rxf1 Rf8 30. Rxf8 Kxf8 31. Ke3 Ke7 32. b4 Nf7 33. Kd4 Kd6 34. e5+ Nxe5 35. Bd1 Nf7 36.
Bf3 b6 37. Bb7 a5 38. Ba6 Nxh6 39. Bxb5 Nxg4 40. a4 Ne5 41. Ke4 h5 42. Be2 h4 43.
bxa5 bxa5 44. c4 Nc6 45. Bg4 Ne7 46. Kd4 Nc6+ 47. Ke4 Ne7 48. Kd4 Nf5+ 49. Ke4 Kc5 50. Ke5 Ne3 51. Bf3 g4 52. Bh1 g3 53. Kf4 g2 54. Bxg2 Nxg2+ 55. Kg4 Ne3+ 56. Kh3 Nxc4 57.
Kxh4 Nb6 58. Kg4 Nxa4 59. Kf4 Kd4 0-1

[Event "Early-Titled-Tuesday-Blitz-March-12-2024"]
[Site "Chess.com"]
[Date "2024.03.12"]
[Round "10"]
[White "YegoryoCh"]
[Black "Boundless_Strike"]
[Result "1-0"]
[WhiteElo "2524"]
[BlackElo "2596"]
[TimeControl "180+1"]
[EndTime "9:53:34 PDT"]
[Termination "YegoryoCh won by resignation"]

1. e4 d6 2. d4 e5 3. Nf3 Bg4 4. Bc4 Nc6 5. c3 Bxf3 6. Qxf3 Nf6 7. Be3 Be7 8. O-O O-O 9. Nd2 Kh8 10. a4 Nd7 11.
Qe2 Bg5 12. f4 Bxf4 13. Bxf4 exf4 14. Rxf4 Qe7 15. Raf1 Nd8 16. Nf3 Ne6 17. Rh4 c6 18. Qe3 Rae8 19. Rh3 f5 20. exf5 Rxf5 21. Re1 d5 22.
Bd3 Rxf3 23. Rxh7+ Kg8 24. Qxf3 Ng5 25. Rh8+ Kxh8 26. Qh5+ Kg8 27. Rxe7 Rxe7 28. Qxg5 Nf6 29. Qf5 Re3 30. Kf2 Re7 31. Qc8+ Kf7 32. Bf5 a6 33. h3 Ne8 34. Bd3 Nf6 35. Qf5 Kg8 36. g4 Rf7 37. Qe6 Kf8 38. Kg2 Re7 39. Qd6 Ne8 40. Qd8 Kf7 41. Bg6+ Kf8 42. Bxe8 Rxe8 43. Qd6+ Re7 44. Kf3 Kf7 45. Kf4 g6 46. Kg5 Re6 47. Qxe6+ Kxe6 48.
Kxg6 c5 49. h4 c4 50. h5 b5 51. axb5 axb5 52. h6 b4 53. h7 b3 1-0

[Event "Early-Titled-Tuesday-Blitz-March-12-2024"]
[Site "Chess.com"]
[Date "2024.03.12"]
[Round "10"]
[White "HansOnTwitch"]
[Black "dropstoneDP"]
[Result "1/2-1/2"]
[WhiteElo "3105"]
[BlackElo "3001"]
[TimeControl "180+1"]
[EndTime "9:53:35 PDT"]
[Termination "Game drawn by agreement"]

1. e4 e5 2. Nf3 Nf6 3. d3 Nc6 4. g3 d5 5. exd5 Nxd5 6. Bg2 Bd6 7. O-O O-O 8. Nbd2 h6 9. Nc4 Re8 10. Re1 Nf6 11. Bd2 Bf5 12. Bc3 e4 13. dxe4 Nxe4 14.
Nxd6 Qxd6 15. Qxd6 Nxd6 16. Ne5 Nxe5 17. Bxe5 Rad8 18. c3 Re7 19. Bd4 Rxe1+ 20. Rxe1 b6 21. Bf1 Be6 22. b3 Nf5 23. Be5 c5 24. Bf4 Ne7 25.
Bc1 Kf8 26. f3 Nd5 27. Bb2 Nf6 28. Kf2 Rd2+ 29. Re2 Rd1 30. c4 Nd7 31. Bc3 Rc1 32. Bb2 Rd1 33. g4 a6 34. Bg2 b5 35. cxb5 axb5 36. Ke3 c4 37. bxc4 Bxc4 38. Rc2 Nb6 39.
a3 Nd5+ 40. Kf2 Nf4 41. Kg3 g5 42. Be5 Ne2+ 43. Kf2 Nc1 44. Bc3 Nd3+ 45. Kg3 Nf4 46. Be5 Nxg2 47. Kxg2 Rd3 48. Rc3 Rxc3 49. Bxc3 Kg8 50.
Kg3 Kh7 51. h4 gxh4+ 52. Kxh4 Kg6 53. Kg3 f5 54. Bb4 fxg4 55. fxg4 h5 56. gxh5+ Kxh5 57. Kf4 Bb3 58. Ke4 Ba4 59. Kd4 Kg4 60. Kc3 Kg5 61.
Bc5 Kg4 62. Kb4 Kg5 63. Ba7 Kg4 1/2-1/2

[Event "Early-Titled-Tuesday-Blitz-March-12-2024"]
[Site "Chess.com"]
[Date "2024.03.12"]
[Round "10"]
[White "Dyadya81"]
[Black "Zhigalko_Sergei"]
[Result "1-0"]
[WhiteElo "2928"]
[BlackElo "2838"]
[TimeControl "180+1"]
[EndTime "9:53:37 PDT"]
[Termination "Dyadya81 won on time"]

1. e4 c5 2. Nf3 Nc6 3. Bb5 Nf6 4. Bxc6 dxc6 5. d3 Bg4 6. h3 Bh5 7. e5 Nd5 8. O-O e6 9. Nbd2 Be7 10. Ne4 Qc7 11. g4 Bg6 12. Qe2 h5 13. c4 hxg4 14.
hxg4 Nb6 15. Bf4 O-O-O 16. Kg2 Nd7 17. Rh1 Kb8 18. Bg3 Ka8 19. a3 Qa5 20. Rab1 Rxh1 21. Rxh1 a6 22. Qe1 Qb6 23. Qe2 Qb3 24. Rd1 Rh8 25. Rh1 Rxh1 26. Kxh1 Bxe4 27. dxe4 Nb6 28.
Nd2 Qxb2 29. Qd3 Qd4 30. Qc2 Bg5 31. Nf3 Qd8 32. a4 Be7 33. Bf4 Nc8 34. Kg2 Qa5 35. Bg5 Bxg5 36. Nxg5 Qc7 37. f4 Qe7 38. a5 f6 39. Nf3 Qc7 40. exf6 gxf6 41. e5 fxe5 42. Nxe5 Qxa5 43. g5 Nd6 44. Qd3 Nf5 45. g6 Qa2+ 46.
Kh3 Qa1 47. Qd8+ Ka7 48. Nxc6+ bxc6 49. Qc7+ Ka8 50. Qxc6+ Kb8 51. Qb6+ Ka8 52. Qc6+ Kb8 53. Qb6+ Ka8 54. Qxe6 Qh8+ 55. Kg4 Nd4 56. Qxa6+ Kb8 57. Qb6+ Ka8 58. Qxc5 Qf6 59. Qd5+ Ka7 60. Qf7+ Qxf7 61. gxf7 Ne6 62. Kf5 Nf8 63. Kf6 Kb6 64. Kg7 Ne6+ 65.
Kg8 Kc5 66. f5 Kxc4 67. fxe6 1-0